 Dungeon Crawl Stone Soup version 0.23.0 (webtiles) character file.

Game seed: 1901770473047983341

1626 HoaS the Ruffian (level 8, -5/51 HPs)
             Began as a Gargoyle Berserker on Feb 8, 2019.
             Was an Elder of Trog.
             Slain by an ogre
             ... wielding a +0 giant club
              (20 damage)
             ... on level 7 of the Dungeon.
             The game lasted 00:18:45 (6037 turns).

HoaS the Ruffian (Gargoyle Berserker)               Turns: 6037, Time: 00:18:46

Health: -5/51      AC: 24    Str: 22    XL:     8   Next: 97%
Magic:  8/8        EV:  5    Int:  7    God:    Trog [****..]
Gold:   273        SH:  0    Dex: 11    Spells: 7/7 levels left

rFire    . . .     SeeInvis .     - Unarmed
rCold    . . .     Gourm    .   (no shield)
rNeg     + . .     Faith    .   p - +0 crystal plate armour
rPois    ∞         Spirit   .   (no helmet)
rElec    +         Reflect  .   j - +0 cloak
rCorr    .         Harm     .   (no gloves)
MR       .....                  (no boots)
Stlth    ..........             (no amulet)
HPRegen  0.17/turn              (no ring)
MPRegen  0.11/turn              (no ring)

@: no status effects
A: negative energy resistance 1, electricity resistance, unbreathing,
petrification resistance, rot immunity, AC +5
a: Berserk, Trog's Hand, Brothers in Arms, Renounce Religion


You were on level 7 of the Dungeon.
You worshipped Trog.
Trog was greatly pleased with you.
You were not hungry.

You visited 2 branches of the dungeon, and saw 8 of its levels.

You collected 273 gold pieces.

Inventory:

Armour
 j - a +0 cloak (worn)
 p - a +0 crystal plate armour (worn)
Jewellery
 e - an uncursed ring of flight
 l - an uncursed amulet of faith {unknown}
 s - the ring "Ezumogit" {MP+9 Int+2}
   (You found it on level 6 of the Dungeon)

   [ring of magical power]

   It affects your intelligence (+2).
   It affects your magic capacity (+9).
Wands
 q - a wand of acid (6)
 t - a wand of flame (48)
Scrolls
 c - 2 scrolls of teleportation
 f - a scroll of amnesia
 i - 3 scrolls of fog
 n - 5 scrolls of remove curse
Potions
 d - a potion of lignification
 g - a potion of flight {unknown}
 h - a potion of invisibility
 k - a potion of curing
 m - 3 potions of mutation
 o - a potion of haste {unknown}
 r - a potion of heal wounds {unknown}
Comestibles
 a - 3 chunks of flesh
 b - 10 rations


   Skills:
 + Level 6.2 Fighting
 + Level 5.7 Armour
 + Level 4.3 Dodging
 * Level 7.6 Unarmed Combat


You had 7 spell levels left.
You didn't know any spells.
Your spell library was empty.

Dungeon Overview and Level Annotations

Branches:
Dungeon (7/15)             Temple (1/1) D:4

Altars:
Ashenzari
Cheibriados
Dithmenos
Elyvilon
Fedhas
Gozag
Hepliaklqana
Kikubaaqudgha
Makhleb
Nemelex Xobeh
Okawaru
Qazlal
Ru
Sif Muna
Trog
Vehumet
Wu Jian
Xom
Yredelemnul
The Shining One


Innate Abilities, Weirdness & Mutations

You are resistant to torment.
Your stone body is resilient. (AC +5)
You are immune to poison.
You resist negative energy. (rN+)
You are resistant to electric shocks. (rElec)
You can survive without breathing.
You are immune to petrification.
You are immune to rotting.


Message History

The ogre is almost dead.
You hit the ogre but do no damage.
The ogre is almost dead.
The ogre hits you with a +0 giant club!
You are too injured to fight recklessly!
You are too injured to fight recklessly!
You are too injured to fight recklessly!
You are too injured to fight recklessly!
Your crystal plate armour prevents you from hitting the ogre.
The ogre is almost dead.
The ogre hits you but does no damage.
You hit the ogre but do no damage.
The ogre is almost dead.
Your crystal plate armour prevents you from hitting the ogre.
The ogre is almost dead.
The ogre hits you with a +0 giant club!
You hit the ogre but do no damage.
The ogre is almost dead.
The ogre hits you with a +0 giant club!!
You die...

#.# #.# ##...## # #.# #.####
##.÷...## ###.#
#....######.......#
.##.########................#
...........÷................+
.##.########.....##.).......#
###.# #..##.###.......##
###.# #.###.# #......## ....#
#.# #@# #.#...## #####
#....O....##+## #####.#####
#.# #.# #.. #.. #..


You could see an ogre.

Vanquished Creatures
  An ice beast (D:7)
  3 phantoms
  A necrophage (D:6)
  2 black bears
  2 ogres
  2 bullfrogs
  A bullfrog zombie (D:5)
  2 orc priests
  3 orc wizards
  Crazy Yiuf (D:5)
  2 hounds (D:7)
  A jelly (D:7)
  A bullfrog skeleton (D:4)
  2 iguanas
  5 worker ants
  A hound skeleton (D:5)
  3 adders
  7 gnolls
  A shadow imp (D:5)
  2 oozes
  2 worms
  7 leopard geckos
  14 orcs
  2 ball pythons (D:3)
  7 bats
  8 giant cockroaches
  5 goblins (D:2)
  8 hobgoblins
  6 quokkas
  7 frilled lizards
  2 jackal skeletons
  A jackal zombie (D:6)
  4 kobolds
  A quokka zombie (D:5)
  6 rats
123 creatures vanquished.

Notes
Turn   | Place    | Note
-------+----------+-------------------------------------------
     0 | D:1      | HoaS the Gargoyle Berserker began the quest for the Orb.
     0 | D:1      | Reached XP level 1. HP: 14/14 MP: 1/1
    80 | D:1      | Reached XP level 2. HP: 13/19 MP: 2/2
   506 | D:1      | Reached XP level 3. HP: 21/23 MP: 3/3
  1020 | D:2      | Reached ** piety under Trog
  1389 | D:2      | Found an ancient bone altar of Kikubaaqudgha.
  1389 | D:2      | Found a blossoming altar of Fedhas.
  1495 | D:2      | Reached XP level 4. HP: 29/29 MP: 4/4
  2234 | D:4      | Reached skill level 4 in Unarmed Combat
  2242 | D:4      | Found a staircase to the Ecumenical Temple.
  2255 | D:4      | Noticed an ogre
  2261 | D:4      | Reached XP level 5. HP: 26/33 MP: 5/5
  2264 | Temple   | Entered the Ecumenical Temple
  2442 | D:4      | Killed an ogre
  2442 | D:4      | Reached XP level 6. HP: 22/39 MP: 6/6
  2511 | D:4      | Reached *** piety under Trog
  2823 | D:4      | Reached skill level 5 in Unarmed Combat
  3067 | D:4      | Noticed a phantom
  3158 | D:4      | Killed a phantom
  3158 | D:4      | Reached XP level 7. HP: 38/44 MP: 7/7
  3351 | D:5      | Entered Level 5 of the Dungeon
  3488 | D:5      | Reached skill level 5 in Fighting
  3661 | D:5      | Reached skill level 6 in Unarmed Combat
  3935 | D:5      | Reached XP level 8. HP: 29/50 MP: 8/8
  4121 | D:5      | Found a sparkling altar of Nemelex Xobeh.
  4254 | D:5      | Found a runed translucent door.
  4255 | D:5      | Noticed Crazy Yiuf
  4713 | D:5      | Paralysed by Crazy Yiuf for 2 turns
  4722 | D:5      | Killed Crazy Yiuf
  5033 | D:6      | Got a shimmering bone ring
  5034 | D:6      | Identified the ring "Ezumogit" {MP+9 Int+2} (You found it
                  | on level 6 of the Dungeon)
  5040 | D:6      | Found a white marble altar of Elyvilon.
  5041 | D:6      | Found a burning altar of Makhleb.
  5144 | D:6      | Reached skill level 5 in Armour
  5316 | D:6      | Found a bloodstained altar of Trog.
  5317 | D:6      | Found an iron altar of Okawaru.
  5318 | D:6      | Found a glowing golden altar of the Shining One.
  5318 | D:6      | Found a snail-covered altar of Cheibriados.
  5553 | D:7      | Reached skill level 7 in Unarmed Combat
  5759 | D:7      | Found an ornate altar of the Wu Jian Council.
  5869 | D:7      | Reached **** piety under Trog
  6037 | D:7      | Slain by an ogre

Skill      XL: |  1  2  3  4  5  6  7  8 |
---------------+-------------------------+-----
Dodging        | 2 3 4 |  4.3
Armour         | 3 4 5 |  5.7
Unarmed Combat | 4 5 6 7 |  7.6
Fighting       | 4 5 6 |  6.2

Action                   |  1- 3 |  4- 6 |  7- 9 || total
-------------------------+-------+-------+-------++-------
Melee: Unarmed           |   160 |   209 |   305 ||   674
       Punch             |       |     1 |     9 ||    10
Invok: Berserk           |       |     1 |       ||     1
       Trog's Hand       |       |     1 |     1 ||     2
  Use: Scroll            |     3 |     9 |     4 ||    16
 Stab: Sleeping          |     1 |       |       ||     1
  Eat: Chunk             |     2 |     7 |    10 ||    19
Armor: Animal skin       |     2 |       |       ||     2
       Scale mail        |    29 |       |       ||    29
       Chain mail        |    53 |   109 |   146 ||   308
       Crystal plate arm |       |       |     9 ||     9
Dodge: Dodged            |    85 |    77 |   105 ||   267
